 Dungeon Crawl Stone Soup version 0.29.1-15-g9cfb28693d (webtiles) character file.

Game seed: 17624424363356714079

3892 booth the Cleaver (level 10, -8/77 HPs)
             Began as a Demonspawn Gladiator on Apr 27, 2023.
             Was an Elder of Nemelex Xobeh.
             Mangled by an orc warrior
             ... wielding a +0 scimitar
              (22 damage)
             ... on level 8 of the Dungeon on Apr 28, 2023.
             The game lasted 00:47:04 (8202 turns).

booth the Cleaver (Demonspawn Gladiator)            Turns: 8202, Time: 00:47:04

Health: -8/77      AC:  9    Str: 20    XL:     10   Next: 0%
Magic:  10/10      EV: 15    Int:  9    God:    Nemelex Xobeh [****..]
Gold:   200        SH:  9    Dex: 14    Spells: 9/9 levels left

rFire   + . .      SeeInvis +   a - +0 war axe (chaos)
rCold   + . .      Faith    .   (no shield)
rNeg    . . .      Spirit   .   s - +4 robe of Fukhiedd {rElec}
rPois   +          Reflect  +   (helmet restricted)
rElec   +          Harm     .   q - +1 cloak
rCorr   .          Rampage  .   (no gloves)
Will    +....                   r - +0 pair of boots
Stlth   +.........              y - amulet of reflection
HPRegen 0.22/turn               c - ring of see invisible
MPRegen 0.12/turn               v - ring of protection from cold

@: no status effects
A: antennae 2, large bone plates 1, spiny 2, demonic magic 2, claws 1, fire
resistance 1, strong-willed 1, poison resistance
a: Renounce Religion, Draw Escape, Draw Destruction, Draw Summoning, Triple
Draw, Deal Four


You were on level 8 of the Dungeon.
You worshipped Nemelex Xobeh.
Nemelex Xobeh was greatly pleased with you.
You visited 1 branch of the dungeon, and saw 8 of its levels.

You collected 472 gold pieces.
You spent 272 gold pieces at shops.

Inventory:

Hand Weapons
 a - a +0 war axe of chaos (weapon)
 l - a +0 mace
 p - a +0 flail
Missiles
 d - 3 throwing nets (quivered)
 e - a javelin
 n - 15 boomerangs
 x - 16 poisoned darts
Armour
 b - a +1 leather armour
 q - a +1 cloak (worn)
 r - a +0 pair of boots (worn)
 s - the +4 robe of Fukhiedd (worn) {rElec}
   (You found it on level 5 of the Dungeon)

   rElec:     It insulates you from electricity.
Jewellery
 c - a ring of see invisible (left claw)
 f - a ring of wizardry
 o - an amulet of faith
 v - a ring of protection from cold (right claw)
 y - an amulet of reflection (around neck)
Wands
 i - a wand of iceblast (34)
 w - a wand of charming (8)
Scrolls
 g - 4 scrolls of fear
 j - a scroll of poison
 k - 2 scrolls of blinking
 m - 2 scrolls of teleportation
 t - 3 scrolls of immolation
 z - 2 scrolls of identify
Potions
 h - a potion of heal wounds
 u - a potion of berserk rage


   Skills:
 + Level 6.7 Fighting
 * Level 8.8 Axes
 + Level 6.0 Throwing
 + Level 6.5 Dodging


You had 9 spell levels left.
You didn't know any spells.
Your spell library contained the following spells:

 Spells                   Type           Power      Damage    Failure   Level
 Necrotise                Necr           0%         1d4       38%         1
 Sandblast                Erth           0%         2d4       38%         1
 Blink                    Tloc           0%         N/A       52%         2
 Passwall                 Tmut/Erth      0%         N/A       52%         2
 Poisonous Vapours        Pois/Air       0%         N/A       52%         2
 Static Discharge         Conj/Air       0%         3-3/arc   52%         2
 Lesser Beckoning         Tloc           0%         N/A       77%         3
 Ozocubu's Armour         Ice            0%         N/A       77%         3
 Stone Arrow              Conj/Erth      0%         3d7       77%         3
 Vampiric Draining        Necr           0%         2d6       77%         3
 Animate Armour           Summ/Erth      0%         N/A       99%         4
 Corpse Rot               Necr/Pois/Air  0%         N/A       99%         4
 Dispel Undead            Necr           0%         3d6       99%         4
 Passage of Golubria      Tloc           0%         N/A       99%         4
 Sticky Flame             Conj/Fire      0%         2d3       99%         4
 Agony                    Necr           0%         N/A       100%        5
 Borgnjor's Vile Clutch   Necr/Erth      0%         N/A       100%        5
 Manifold Assault         Tloc           0%         N/A       100%        5
 Metabolic Englaciation   Hex/Ice        0%         N/A       100%        5
 Silence                  Hex/Air        0%         N/A       100%        5
 Simulacrum               Ice/Necr       0%         N/A       100%        6
 Lehudib's Crystal Spear  Conj/Erth      0%         10d2      100%        8
 Death's Door             Necr           0%         N/A       100%        9


Dungeon Overview and Level Annotations

Branches:
Dungeon (8/15)             Temple (0/1) D:5
   Lair: D:8-11

Altars:
Gozag
Nemelex Xobeh

Shops:
D:2 ?

Annotations:
Abyss:1 Menkaure


Innate Abilities, Weirdness & Mutations

You have a pair of antennae on your head.
You are partially covered in large bone plates. (SH +4)
You are mostly covered in sharp spines.
Spells you cast may paralyse nearby enemies.
You have sharp fingernails.
Your flesh is heat resistant. (rF+)
You are strong-willed. (Will+)
Your system is resistant to poisons. (rPois)


Message History

The orc warrior is lightly wounded.
You block the orc warrior's attack.
You hit the orc warrior but do no damage.
The orc warrior is poisoned.
The orc warrior is lightly wounded.
The orc priest calls down the wrath of Beogh upon you.
Beogh smites you!
The orc warrior is struck by your spines.
The orc warrior closely misses you.
You slash the orc warrior!
The orc warrior is heavily wounded.
The orc warrior is struck by your spines.
The orc warrior hits you with a +0 scimitar.
The orc priest calls upon Beogh to heal the orc warrior.
The orc warrior is healed somewhat.
You hit the orc warrior. You burn the orc warrior.
The orc warrior is heavily wounded.
The orc warrior closely misses you.
The orc priest mumbles some strange prayers to Beogh against you.
Beogh smites you!
You swap places.
The orc warrior hits your bullfrog zombie with a +0 scimitar!!
Your bullfrog zombie is destroyed!
You draw a card...
You have drawn Wild Magic.
The orc warrior is briefly showered in sparks.
The air around the orc priest crackles with energy.
The orc priest twists and deforms.
You feel a surge of magic.
You closely miss the orc warrior. You claw the orc warrior.
The orc warrior is severely wounded.
You closely miss the orc warrior.
The orc warrior is severely wounded.
You hit the orc priest.
The orc priest calls down the wrath of Beogh upon you.
Beogh smites you!
* * * LOW HITPOINT WARNING * * *
You block the orc warrior's attack.
You draw a card...
You have drawn the Tomb.
Nothing appears to happen.
The orc warrior hits you with a +0 scimitar!!
You die...
Your body glows slightly and disappears.

###.#
#########
....#
#...))o@#
#####
#.#####o#
#...#.#
#.#.#.#
#.#.#.#
#.#.#.##
#.#....#
##
#.######
.. #.#


You could see an orc warrior (strong, poisoned) and an orc priest (misshapen,
very drained).

Vanquished Creatures
  Sigmund (D:6)
  A wraith (D:8)
  A wyvern (D:7)
  An acid dragon (D:5)
  An orc warrior (D:8)
  A sky beast (D:6)
  An ice beast (D:5)
  2 ogres
  2 lemures (D:7)
  A gnoll sergeant (D:5)
  Blork the orc (D:5)
  2 bullfrogs
  3 scorpions
  2 necrophages
  4 killer bees (D:7)
  A hound (D:5)
  A gnoll bouda (D:5)
  Crazy Yiuf (D:3)
  4 jellies
  An orc priest (D:7)
  Natasha (thrice) (D:3)
  Terence (D:3)
  5 iguanas
  11 orc wizards
  5 adders
  8 gnolls (D:5)
  A white imp (D:6)
  3 ufetubi
  2 worms (D:4)
  A dart slug (D:3)
  22 orcs
  2 ball pythons
  9 bats
  5 endoplasms
  3 giant cockroaches
  5 goblins
  6 hobgoblins
  6 jackals
  4 quokkas
  18 frilled lizards
  13 kobolds
  3 rats
168 creatures vanquished.

Vanquished Creatures (collateral kills)
  Pikel (D:7)
  Prince Ribbit (D:6)
  Duvessa (D:6)
  A kobold brigand (D:6)
  A bullfrog (D:6)
  A necrophage (D:6)
  Dowan (D:6)
  2 kobolds (D:6)
9 creatures vanquished.

Vanquished Creatures (others)
  A bullfrog zombie (D:8)
  6 fungi (D:1)
  4 plants (D:4)
  6 toadstools (D:1)
17 creatures vanquished.

Grand Total: 194 creatures vanquished

Notes
Turn   | Place    | Note
-------+----------+-------------------------------------------
     0 | D:1      | booth the Demonspawn Gladiator began the quest for the Orb.
     0 | D:1      | Reached XP level 1. HP: 16/16 MP: 1/1
   174 | D:1      | Gained mutation: You are partially covered in large bone
                  | plates. (SH +4) [demonic ancestry]
   174 | D:1      | Reached XP level 2. HP: 22/22 MP: 2/2
   330 | D:1      | Reached skill level 3 in Axes
   695 | D:1      | Gained mutation: You have a pair of small antennae on your
                  | head. [demonic ancestry]
   695 | D:1      | Reached XP level 3. HP: 28/28 MP: 3/3
   709 | D:1      | Found a faded altar of an unknown god.
   756 | D:1      | Prayed at the altar of an unknown god.
   756 | D:1      | Became a worshipper of Nemelex Xobeh the Trickster
   756 | D:1      | Reached * piety under Nemelex Xobeh
  1279 | D:2      | Received a gift from Nemelex Xobeh
  1390 | D:2      | Found Bitefubb's Magic Scroll Emporium.
  1401 | D:2      | Bought a scroll of brand weapon for 123 gold pieces
  1597 | D:2      | Gained mutation: You are partially covered in sharp spines.
                  | [demonic ancestry]
  1597 | D:2      | Reached XP level 4. HP: 34/34 MP: 4/4
  1677 | D:2      | Reached ** piety under Nemelex Xobeh
  1841 | D:3      | Noticed Natasha
  1849 | D:3      | Killed Natasha
  1953 | D:3      | Noticed Natasha
  1965 | D:3      | Killed Natasha
  1966 | D:3      | Reached XP level 5. HP: 29/41 MP: 5/5
  1975 | D:3      | Reached skill level 4 in Axes
  2024 | D:3      | Noticed Natasha
  2047 | D:3      | Killed Natasha
  2313 | D:3      | Found a runed translucent door.
  2314 | D:3      | Noticed Crazy Yiuf
  2319 | D:3      | Killed Crazy Yiuf
  2446 | D:3      | Noticed Terence
  2542 | D:3      | Killed Terence
  2543 | D:3      | Gained mutation: Spells you cast may paralyse adjacent
                  | enemies. [demonic ancestry]
  2543 | D:3      | Reached XP level 6. HP: 42/47 MP: 6/6
  2600 | D:3      | Gained mutation: You are strong-willed. (Will+) [potion of
                  | mutation]
  2600 | D:3      | Gained mutation: Your system is resistant to poisons.
                  | (rPois) [potion of mutation]
  2600 | D:3      | Gained mutation: You have hidden genetic potential. [potion
                  | of mutation]
  3157 | D:4      | Reached skill level 5 in Axes
  3157 | D:4      | Gained mutation: You are mostly covered in sharp spines.
                  | [demonic ancestry]
  3157 | D:4      | Reached XP level 7. HP: 32/53 MP: 7/7
  3176 | D:4      | Gained mutation: You have sharp fingernails. [hidden
                  | potential]
  3781 | D:5      | Entered Level 5 of the Dungeon
  3781 | D:5      | Found a staircase to the Ecumenical Temple.
  3818 | D:5      | Reached *** piety under Nemelex Xobeh
  3877 | D:5      | Identified the +4 robe of Fukhiedd {rElec}
  4001 | D:5      | Noticed Blork the orc
  4010 | D:5      | Killed Blork the orc
  4524 | D:5      | Received a gift from Nemelex Xobeh
  4542 | D:5      | Reached skill level 6 in Axes
  4542 | D:5      | Gained mutation: Spells you cast may paralyse nearby
                  | enemies. [demonic ancestry]
  4542 | D:5      | Reached XP level 8. HP: 61/61 MP: 8/8
  4553 | D:5      | Gained mutation: Your flesh is heat resistant. (rF+)
                  | [hidden potential]
  4553 | D:5      | Lost mutation: You have hidden genetic potential. [hidden
                  | potential expressed]
  4951 | D:5      | Noticed Menkaure
  4956 | D:5      | Banished Menkaure
  4957 | D:5      | Reached skill level 5 in Fighting
  4957 | D:5      | Reached skill level 5 in Dodging
  5113 | D:5      | Found an opulent altar of Gozag.
  5438 | D:6      | Noticed Prince Ribbit
  5452 | D:6      | Killed Prince Ribbit
  5453 | D:6      | Reached skill level 7 in Axes
  5493 | D:6      | Got Loish's Excursus on Supportive Unhallowed Magic
  5752 | D:6      | Reached skill level 5 in Throwing
  5927 | D:6      | Gained mutation: You have a pair of antennae on your head.
                  | [demonic ancestry]
  5927 | D:6      | Reached XP level 9. HP: 68/68 MP: 9/9
  5934 | D:6      | Noticed Duvessa
  5936 | D:6      | Noticed Sigmund
  5943 | D:6      | Noticed Dowan
  5943 | D:6      | Killed Duvessa
  5946 | D:6      | Killed Dowan
  5954 | D:6      | Killed Sigmund
  5968 | D:6      | Identified the +5 ring mail of Purpose {Dex+2}
  6222 | D:7      | Reached skill level 8 in Axes
  6236 | D:7      | Noticed Pikel
  6266 | D:7      | Killed Pikel
  6613 | D:7      | Received a gift from Nemelex Xobeh
  6947 | D:7      | Reached **** piety under Nemelex Xobeh
  7287 | D:8      | Identified the +6 chain mail of the Gastropod {Harm}
  7501 | D:2      | Bought a scroll of identify for 26 gold pieces
  7501 | D:2      | Bought a scroll of identify for 26 gold pieces
  7501 | D:2      | Bought a scroll of enchant armour for 97 gold pieces
  7738 | D:8      | Received a gift from Nemelex Xobeh
  8186 | D:8      | Reached XP level 10. HP: 62/77 MP: 10/10
  8202 | D:8      | Mangled by an orc warrior

Illustrated notes

Levels and vault maps discovered:
D:1:      dpeg_arrival_lava_altar, layout_loops_cross,
          hellmonk_ecumenical_altar_lost_god, minmay_gold_behind_fungi
D:2:      layout_rooms, serial_shops, nicolae_shop_stone, nicolae_eternal_life
D:3:      layout_rooms, minmay_cut_off, uniq_crazy_yiuf_cottage, uniq_natasha,
          uniq_terence
D:4:      layout_gridville, minmay_lizard_king
D:5:      layout_loops_cross, mainiacjoe_overflow_alcove_4,
          minmay_temple_entry_large_hall, uniq_blork_the_orc, uniq_menkaure
D:6:      layout_basic, kennysheep_little_box, uniq_sigmund, uniq_duvessa,
          uniq_prince_ribbit1
D:7:      layout_loops_cross, minmay_door_square, uniq_pikel
D:8:      layout_basic, nicolae_qazlal_style_of_elements

Skill      XL: |  1  2  3  4  5  6  7  8  9 |
---------------+----------------------------+-----
Throwing       | 2 3 4 5 6 |  6.0
Axes           | 3 4 5 6 7 8 |  8.8
Dodging        | 3 4 5 6 |  6.5
Fighting       | 3 4 5 6 |  6.7

Action                   |  1- 3 |  4- 6 |  7- 9 | 10-12 || total
-------------------------+-------+-------+-------+-------++-------
Melee: War axe           |    88 |   119 |   205 |    12 ||   424
       Punch             |     3 |       |     5 |     1 ||     9
Invok: Draw Destruction  |       |     1 |     4 |     1 ||     6
       Draw Summoning    |       |       |     3 |       ||     3
       Draw Escape       |       |       |     1 |     1 ||     2
  Use: Scroll            |     3 |     7 |     3 |       ||    13
       Potion            |       |     3 |     4 |       ||     7
 Stab: Sleeping          |     2 |       |     2 |       ||     4
Armor: Leather armour    |    30 |    21 |     3 |       ||    54
       Robe              |       |       |    45 |       ||    45
Dodge: Dodged            |    60 |    56 |   109 |     4 ||   229
Block: Other             |    17 |    13 |    36 |     3 ||    69
